 Dungeon Crawl Stone Soup version 0.28.0-1-gb440e238dd (webtiles) character file.

Game seed: 3725386007509027074

1 themarg the Chucker (level 1, 0/13 HPs)
             Began as a Gnoll Wanderer on Feb 19, 2022.
             Slain by a jackal (2 damage)
             ... on level 1 of the Dungeon.
             The game lasted 00:00:27 (240 turns).

themarg the Chucker (Gnoll Wanderer)                 Turns: 240, Time: 00:00:29

Health: 0/13       AC:  5    Str: 11    XL:     1   Next: 20%
Magic:  4/4        EV: 10    Int: 12    God:
Gold:   0          SH:  4    Dex: 10    Spells: 4/5 levels left

rFire   . . .      SeeInvis .   a - +0 dagger
rCold   . . .      Faith    .   c - +0 buckler {AC+3}
rNeg    . . .      Spirit   .   d - +0 robe
rPois   .          Reflect  .   (no helmet)
rElec   .          Harm     .   (no cloak)
rCorr   .          Rampage  .   (no gloves)
Will    .....                   (no boots)
Stlth   +.........              (no amulet)
HPRegen 0.04/turn               (no ring)
MPRegen 0.09/turn               (no ring)

@: no status effects
A: fangs 1, strong nose, distributed training
a: no special abilities


You were on level 1 of the Dungeon.
You visited 1 branch of the dungeon, and saw 1 of its levels.

Inventory:

Hand Weapons
 a - a +0 dagger (weapon)
Missiles
 b - 13 poisoned darts (quivered)
Armour
 c - a +0 buckler of protection (worn)
 d - a +0 robe (worn)
Potions
 e - a potion of lignification {unknown}


   Skills:
 + Level 0.0 Fighting
 + Level 0.0 Short Blades
 + Level 0.0 Long Blades
 + Level 0.0 Axes
 + Level 0.0 Maces & Flails
 + Level 0.0 Polearms
 + Level 0.0 Staves
 + Level 0.0 Slings
 + Level 0.0 Bows
 + Level 0.0 Crossbows
 + Level 6.4 Throwing
 + Level 2.3 Armour
 + Level 0.0 Dodging
 + Level 0.0 Stealth
 + Level 4.4 Shields
 + Level 0.0 Unarmed Combat
 + Level 2.6 Spellcasting
 + Level 0.0 Conjurations
 + Level 0.0 Hexes
 + Level 0.0 Summonings
 + Level 0.0 Necromancy
 + Level 0.0 Translocations
 + Level 0.0 Transmutations
 + Level 0.0 Fire Magic
 + Level 0.0 Ice Magic
 + Level 0.0 Air Magic
 + Level 0.0 Earth Magic
 + Level 3.6 Poison Magic
 + Level 0.0 Invocations
 + Level 2.3 Evocations


You had 4 spell levels left.
You knew the following spells:

 Your Spells              Type           Power      Damage    Failure   Level
a - Sting                 Tmut/Pois      20%        1d4       16%         1

Your spell library contained the following spells:

 Spells                   Type           Power      Damage    Failure   Level
 Mephitic Cloud           Conj/Pois/Air  4%         N/A       52%         3


Dungeon Overview and Level Annotations

Branches:
Dungeon (1/15)

Altars:


Innate Abilities, Weirdness & Mutations

You have very sharp teeth.
Your uncanny sense of smell can sniff out nearby items.
Your experience applies equally to all skills.


Message History

The jackal misses you.
You hit the jackal.
The jackal is heavily wounded.
The jackal bites you but does no damage.
The frilled lizard barely misses you. The jackal barely misses you.
You miss the jackal. You bite the jackal.
The jackal is severely wounded.
The jackal bites you. You block the jackal's attack.
The frilled lizard bites you but does no damage.
The jackal bites you.
You hit the jackal but do no damage.
The jackal is severely wounded.
The jackal bites you but does no damage.
The frilled lizard bites you but does no damage.
The jackal barely misses you. x2
You completely miss the jackal.
The jackal is severely wounded.
The jackal barely misses you. x2
The jackal bites you but does no damage.
You block the frilled lizard's attack.
You hit the jackal but do no damage.
The jackal is severely wounded.
The jackal bites you.
The jackal bites you but does no damage.
You block the jackal's attack.
The frilled lizard bites you but does no damage.
The jackal bites you. The jackal barely misses you. The jackal bites you.
* * * LOW HITPOINT WARNING * * *
You closely miss the jackal.
The jackal is heavily wounded.
The jackal bites you but does no damage. x2
The frilled lizard barely misses you.
The jackal bites you but does no damage.
You hit the jackal.
The jackal is severely wounded.
The jackal bites you but does no damage. x2
You block the jackal's attack.
The frilled lizard bites you but does no damage.
The jackal bites you.
You die...

..#.#..... ...
..#.#.... ...
..##.#......... ..
........#........
..............##
.............h#
............lh# #
.........#.Jh@#.+
............h.#.###
........###...##..
..............#######
........####.<.......
#........ #.........
#........ #.......#.
#......... #.........
.......... #.........


You could see an endoplasm, 4 jackals and a frilled lizard.

Vanquished Creatures
  A quokka (D:1)
1 creature vanquished.

Notes
Turn   | Place    | Note
-------+----------+-------------------------------------------
     0 | D:1      | themarg the Gnoll Wanderer began the quest for the Orb.
     0 | D:1      | themarg set off with the following items: a +0 dagger, 13
                  | poisoned darts, a +0 buckler of protection, a +0 robe; and
                  | the following spell memorised: Sting; and the following
                  | spells available to memorise: Mephitic Cloud
     0 | D:1      | Reached XP level 1. HP: 13/13 MP: 4/4
   240 | D:1      | Slain by a jackal

Illustrated notes

Levels and vault maps discovered:
D:1:      minmay_arrival_stone_box, layout_basic,
          chequers_ecumenical_altar_island

Action                   || total
-------------------------++-------
Melee: Dagger            ||    20
       Bite              ||     3
Armor: Robe              ||    16
Dodge: Dodged            ||    14
Block: Buckler           ||     6
